 Dungeon Sprint DCSS version 0.17-a0-1663-gb806841 (webtiles) character file.

10272 Kidiri the Unseen (level 11, -3/47 HPs)
             Began as a Spriggan Enchanter on Aug 16, 2015.
             Was the Champion of Dithmenos.
             Engulfed by a cloud of freezing vapour (22 damage)
             ... in the Dungeon (Sprint I: "Red Sonja").
             The game lasted 00:10:08 (1616 turns).

Kidiri the Unseen (Spriggan Enchanter)              Turns: 1616, Time: 00:10:08

Health: -3/47      AC:  3    Str:  4    XL:     11   Next: 34%
Magic:  15/30      EV: 36    Int: 21    God:    Dithmenos [******]
Gold:   1026       SH:  0    Dex: 23    Spells: 5 memorised, 27 levels left

rFire  . . .     SeeInvis +     l - +0 dagger (distort) (curse)
rCold  . . .     Clarity  .     b - +1 robe
rNeg   + . .     SustAt   +     (shield restricted)
rPois  .         Gourm    .     (helmet restricted)
rElec  .         Spirit   .     (no cloak)
rCorr  .         Warding  .     (gloves unavailable)
rMut   .         NoTele   +     (boots unavailable)
MR     +....                    p - amulet of Fun {Inacc rN+ Int+3 Dex+4 SInv}
Stlth  ++++++++++               (no ring)
                                q - ring of sustain attributes (curse)

@: wreathed by umbra, quick, somewhat resistant to hostile enchantments,
uncannily stealthy
A: unfitting armour, see invisible, herbivore 3, speed 3, slow metabolism 2
a: Shadow Step, Shadow Form, Renounce Religion


You were in the Dungeon.
You worshipped Dithmenos.
Dithmenos was exalted by your worship.
You were not hungry.

You visited 1 branch You collected 1239 gold pieces.
You spent 213 gold pieces at shops.

Inventory:

Hand weapons
 l - a cursed +0 dagger of distortion (weapon)
Missiles
 m - a throwing net (quivered)
Armour
 b - a +1 robe (worn)
Jewellery
 p - the amulet of Fun (around neck) {Inacc rN+ Int+3 Dex+4 SInv}
   (You bought it in a shop in the Dungeon)

   [amulet of inaccuracy]

   It reduces the accuracy of all your attacks.
   It affects your intelligence (+3).
   It affects your dexterity (+4).
   It protects you from negative energy.
   It lets you see invisible.
 q - a cursed ring of sustain attributes (left hand)
Scrolls
 j - a scroll of blinking
 n - a scroll of fog
Potions
 a - a potion of flight {unknown}
 c - 2 potions of lignification
 e - 4 potions of curing
 g - a potion of haste
 h - 2 potions of magic
 i - a potion of berserk rage
 k - a potion of brilliance
Comestibles
 d - 2 bread rations
 o - a slice of pizza


   Skills:
 + Level 10.0 Short Blades
 * Level 17.0 Dodging
 * Level 18.4 Stealth
 * Level 14.5 Spellcasting
 + Level 6.4 Conjurations
 + Level 11.4 Hexes
 + Level 7.2 Ice Magic
 + Level 6.1 Invocations


You had 27 spell levels left.
You knew the following spells:

 Your Spells              Type           Power        Failure   Level  Hunger
a - Corona                Hex            ######.      1%          1    None
b - Ensorcelled Hibernat  Hex/Ice        ######       1%          2    None
c - Confuse               Hex            ######..     1%          3    None
d - Tukima's Dance        Hex            ######..     1%          3    None
e - Dazzling Spray        Conj/Hex       ######..     1%          3    None


Dungeon Overview and Level Annotations

Branches:
Dungeon (1/1)

Altars:
Cheibriados
Dithmenos
Elyvilon
Fedhas
Gozag
Kikubaaqudgha
Makhleb
Nemelex Xobeh
Okawaru
Qazlal
Ru
Sif Muna
Trog
Vehumet
Xom
Yredelemnul
Zin
The Shining One
Jiyva

Shops:
D :([**==::?[[:([[(

Annotations:
D Norris


Innate Abilities, Weirdness & Mutations

You are tiny and cannot use many weapons and most armour.
You have supernaturally acute eyesight.
You are a herbivore.
You cover ground extremely quickly.
You need consume almost no food.


Message History

* * * LOW HITPOINT WARNING * * *
You emit a cloud of dark smoke.
You feel your power leaking away.
Drink which item? (? for menu, Esc to quit)
You feel much better. The lorocyproca completely misses you.
You barely miss the lorocyproca.
The lorocyproca is almost dead.
Your shadow closely misses the lorocyproca.
You hit the lorocyproca.
Space bends around the lorocyproca.
The lorocyproca is almost dead.
Your shadow closely misses the lorocyproca.
The lorocyproca closely misses you.
You hit the lorocyproca but do no damage.
The lorocyproca is almost dead.
The lorocyproca disappears!
You start resting.
You are engulfed in freezing vapours.
You emit a cloud of dark smoke.
You're standing in a cloud of freezing vapour!
You close the door.
You are engulfed in freezing vapours.
You die...

#############################****
#__#..'..)#..#§§.§+.§.§§§+.§#,,+,
'..'..#...##+#§####§§§§§##§§+,,*,
#__####)..'.§#§#@###%§§######*+*,
####[(#####.%+§#+#$###+#,,,**,,*,
#§§§§§#..##§####§.$#@#,**,,,*,,**
+§§§.§+§§#§§.^.#..$###,,***,*,,≈*
#§§≈.)#§§#.§§§.+..$$$#*,*,*,*,,≈,
##+#####+###§)^#^...§#,,***,*,,≈,
#...(###.+.#§..###''##,**,,,*,,≈*
##+###)###§#.§##*,.##*,,*+***,,≈*
..[..+)∩##.#..#***$$***,,,*,≈,,**


There were no monsters in sight!

Vanquished Creatures
  A hydra (D)
  2 centaur warriors (D)
  Sonja (D)
  2 unseen horrors (D)
  A deep troll (D)
  A lindwurm (D)
  An oklob plant (D)
  A gargoyle (D)
  4 demonic crawlers (D)
  2 kobold demonologists (D)
  A slime creature (D)
  Sigmund (D)
  11 hogs (D)
  4 trapdoor spiders (D)
  A yak (D)
  An ogre (D)
  A wasp (D)
  5 necrophages (D)
  8 jellies (D)
  Ijyb (D)
  3 giant eyeballs (D)
  4 ballistomycetes (D)
  A giant spore (D)
58 creatures vanquished.

Vanquished Creatures (others)
  A gargoyle (D)
  A hog (D)
  A necrophage (D)
  A giant spore (D)
4 creatures vanquished.

Grand Total: 62 creatures vanquished

Notes
Turn   | Place    | Note
--------------------------------------------------------------
     0 | D        | Kidiri the Spriggan Enchanter began the quest for the Orb.
     0 | D        | Reached XP level 1. HP: 9/9 MP: 5/5
     2 | D        | Noticed Ijyb
    27 | D        | Killed Ijyb
    27 | D        | Reached skill level 5 in Dodging
    27 | D        | Reached skill level 6 in Stealth
    27 | D        | Reached XP level 2. HP: 11/13 MP: 4/8
    75 | D        | Learned a level 2 spell: Ensorcelled Hibernation
    76 | D        | Noticed an ogre
    78 | D        | Killed an ogre
    78 | D        | Reached skill level 8 in Stealth
    78 | D        | Reached skill level 5 in Hexes
    78 | D        | Reached skill level 1 in Ice Magic
    78 | D        | Reached XP level 3. HP: 16/16 MP: 8/11
    78 | D        | Reached XP level 4. HP: 21/21 MP: 9/13
    96 | D        | Learned a level 3 spell: Confuse
   100 | D        | Learned a level 3 spell: Tukima's Dance
   104 | D        | Learned a level 3 spell: Dazzling Spray
   104 | D        | Noticed Sigmund
   107 | D        | Killed Sigmund
   107 | D        | Reached skill level 10 in Stealth
   107 | D        | Reached skill level 1 in Conjurations
   107 | D        | Reached XP level 5. HP: 24/24 MP: 12/15
   138 | D        | Found a snail-covered altar of Cheibriados.
   138 | D        | Found a shadowy altar of Dithmenos.
   138 | D        | Noticed a slime creature
   139 | D        | Found a viscous altar of Jiyva.
   139 | D        | Found a blossoming altar of Fedhas.
   141 | D        | Killed a slime creature
   141 | D        | Reached skill level 5 in Short Blades
   141 | D        | Reached skill level 11 in Stealth
   141 | D        | Reached XP level 6. HP: 28/28 MP: 16/18
   142 | D        | Became a worshipper of Cheibriados the Contemplative
   144 | D        | Fell from the grace of Cheibriados
   144 | D        | Became a worshipper of Dithmenos the Shadowed
   172 | D        | Found a deep blue altar of Sif Muna.
   173 | D        | Noticed a jelly
   174 | D        | Found a radiant altar of Vehumet.
   178 | D        | Killed a jelly
   178 | D        | Reached skill level 10 in Dodging
   212 | D        | Found Henis's Antique Weapon Emporium.
   212 | D        | Found a white marble altar of Elyvilon.
   212 | D        | Found a stormy altar of Qazlal.
   212 | D        | Found a burning altar of Makhleb.
   212 | D        | Found a sacrificial altar of Ru.
   212 | D        | Found a basalt altar of Yredelemnul.
   212 | D        | Found a glowing golden altar of the Shining One.
   212 | D        | Found a sparkling altar of Nemelex Xobeh.
   212 | D        | Found a shimmering altar of Xom.
   212 | D        | Found an opulent altar of Gozag.
   212 | D        | Found an ancient bone altar of Kikubaaqudgha.
   212 | D        | Found a glowing silver altar of Zin.
   212 | D        | Noticed a yak
   221 | D        | Killed a yak
   221 | D        | Reached XP level 7. HP: 26/32 MP: 11/20
   225 | D        | Found an iron altar of Okawaru.
   226 | D        | Found a bloodstained altar of Trog.
   280 | D        | Noticed Sonja
   284 | D        | Killed Sonja
   284 | D        | Reached skill level 13 in Stealth
   284 | D        | Reached skill level 10 in Spellcasting
   284 | D        | Reached XP level 8. HP: 36/36 MP: 19/23
   302 | D        | Found Yrhetigaip's Book Boutique.
   336 | D        | Killed a gargoyle
   423 | D        | Noticed a deep troll
   427 | D        | Killed a deep troll
   440 | D        | Found Zelipt's Armour Emporium.
   564 | D        | Noticed a centaur warrior
   564 | D        | Noticed a centaur warrior
   566 | D        | Killed a centaur warrior
   566 | D        | Reached skill level 14 in Stealth
   566 | D        | Reached skill level 5 in Ice Magic
   566 | D        | Reached XP level 9. HP: 39/39 MP: 25/25
   568 | D        | Killed a centaur warrior
   568 | D        | Acquired Dithmenos's first power
   568 | D        | Reached skill level 15 in Stealth
   577 | D        | Noticed a wasp
   580 | D        | Killed a wasp
   593 | D        | Noticed an oklob plant
   595 | D        | Killed an oklob plant
   602 | D        | Noticed a trapdoor spider
   603 | D        | Noticed a trapdoor spider
   604 | D        | Killed a trapdoor spider
   606 | D        | Noticed a trapdoor spider
   607 | D        | Noticed a trapdoor spider
   611 | D        | Killed a trapdoor spider
   620 | D        | Killed a trapdoor spider
   620 | D        | Acquired Dithmenos's second power
   620 | D        | Reached XP level 10. HP: 44/44 MP: 8/27
   622 | D        | Killed a trapdoor spider
   622 | D        | Reached skill level 5 in Conjurations
   737 | D        | Noticed a jelly
   737 | D        | Noticed a jelly
   738 | D        | Noticed a jelly
   746 | D        | Noticed an unseen horror
   747 | D        | Noticed an unseen horror
   752 | D        | Killed an unseen horror
   752 | D        | Reached skill level 16 in Stealth
   752 | D        | Reached skill level 10 in Hexes
   754 | D        | Killed an unseen horror
   754 | D        | Reached skill level 15 in Dodging
   777 | D        | Noticed a jelly
   777 | D        | Noticed a jelly
   777 | D        | Noticed a jelly
   777 | D        | Noticed a jelly
   779 | D        | Killed a jelly
   779 | D        | Acquired Dithmenos's third power
   780 | D        | Killed a jelly
   782 | D        | Killed a jelly
   783 | D        | Killed a jelly
   784 | D        | Noticed a necrophage
   784 | D        | Noticed a necrophage
   784 | D        | Noticed a necrophage
   785 | D        | Killed a jelly
   786 | D        | Killed a jelly
   786 | D        | Acquired Dithmenos's fourth power
   787 | D        | Noticed a necrophage
   787 | D        | Noticed a necrophage
   788 | D        | Killed a jelly
   791 | D        | Noticed a necrophage
   791 | D        | Noticed a necrophage
   795 | D        | Killed a necrophage
   797 | D        | Killed a necrophage
   797 | D        | Killed a necrophage
   798 | D        | Killed a necrophage
   804 | D        | Killed a necrophage
   812 | D        | Banished a necrophage
   944 | D        | Found Beocoleo's General Store.
   944 | D        | Found Jedaitorgh's Armour Shop.
   944 | D        | Found Rywu's Assorted Antiques.
   946 | D        | Found Wihona's Jewellery Emporium.
   946 | D        | Found Deilis's Jewellery Shop.
   946 | D        | Found Tosutumis's Book Shoppe.
   946 | D        | Found Enu Fihu's Book Boutique.
   946 | D        | Found Xeuqunel's Magic Scroll Emporium.
   946 | D        | Found Qeunuasecw's Armour Shop.
   946 | D        | Found Zaezoluape's Antique Armour Shoppe.
   949 | D        | Bought a scroll of magic mapping for 42 gold pieces
   951 | D        | Bought a faintly glowing bronze amulet for 115 gold pieces
   951 | D        | Identified the amulet of Fun {Inacc rN+ Int+3 Dex+4 SInv} (You bought it in a shop in the Dungeon)
   952 | D        | Found Perhel's Book Boutique.
   953 | D        | Found Daplad's Armour Emporium.
   953 | D        | Found Fegian's Weapon Boutique.
   954 | D        | Found Jocieps's Weapon Emporium.
   959 | D        | Bought a scroll of identify for 28 gold pieces
   960 | D        | Bought a scroll of identify for 28 gold pieces
  1136 | D        | Noticed a kobold demonologist
  1137 | D        | Noticed a kobold demonologist
  1138 | D        | Killed a kobold demonologist
  1141 | D        | Killed a kobold demonologist
  1141 | D        | Reached skill level 17 in Stealth
  1158 | D        | Noticed a demonic crawler
  1158 | D        | Noticed a demonic crawler
  1158 | D        | Noticed a demonic crawler
  1158 | D        | Noticed a demonic crawler
  1160 | D        | Killed a demonic crawler
  1160 | D        | Reached skill level 5 in Invocations
  1161 | D        | Killed a demonic crawler
  1163 | D        | Killed a demonic crawler
  1164 | D        | Killed a demonic crawler
  1189 | D        | Noticed a lindwurm
  1191 | D        | Killed a lindwurm
  1204 | D        | Noticed a hog
  1204 | D        | Noticed a hog
  1204 | D        | Noticed a hog
  1204 | D        | Noticed a hog
  1204 | D        | Noticed a hog
  1204 | D        | Noticed a hog
  1204 | D        | Noticed a hog
  1204 | D        | Noticed a hog
  1206 | D        | Killed a hog
  1206 | D        | Reached XP level 11. HP: 47/47 MP: 29/29
  1207 | D        | Killed a hog
  1208 | D        | Noticed a hog
  1209 | D        | Noticed a hog
  1209 | D        | Killed a hog
  1210 | D        | Noticed a hog
  1210 | D        | Noticed a hog
  1210 | D        | Noticed a hog
  1210 | D        | Killed a hog
  1212 | D        | Killed a hog
  1224 | D        | Killed a hog
  1231 | D        | Killed a hog
  1232 | D        | Killed a hog
  1232 | D        | Reached skill level 18 in Stealth
  1233 | D        | Killed a hog
  1235 | D        | Killed a hog
  1236 | D        | Killed a hog
  1238 | D        | Killed a hog
  1353 | D        | Noticed a 12-headed hydra
  1355 | D        | Killed a 12-headed hydra
  1389 | D        | Noticed a gargoyle
  1391 | D        | Killed a gargoyle
  1391 | D        | Reached skill level 10 in Short Blades
  1517 | D        | Noticed Norris
  1518 | D        | Noticed a lorocyproca
  1616 | D        | Engulfed by a cloud of freezing vapour

Vault maps used:
D:        dungeon_sprint_1

Action                   |  1- 3 |  4- 6 |  7- 9 | 10-12 || total
-------------------------+-------+-------+-------+-------++-------
Melee: Dagger            |    18 |     6 |     9 |    80 ||   113
 Fire: Shortbow          |       |       |       |     1 ||     1
 Cast: Corona            |     2 |       |       |     1 ||     3
       Ensorcelled Hiber |       |     4 |     7 |     2 ||    13
       Dazzling Spray    |       |       |     3 |    14 ||    17
Invok: Shadow Step       |       |       |       |     3 ||     3
  Use: Scroll            |       |       |       |     4 ||     4
       Potion            |       |       |       |     2 ||     2
 Stab: Sleeping          |     2 |     4 |     8 |    32 ||    46
       Invisible         |       |       |     1 |     1 ||     2
